 Dungeon Crawl Stone Soup version 0.25-a0-464-g3004169c2b (webtiles) character file.

Game seed: 17592983229245903596, levelgen mode: deterministic

8403 ReteAZ the Protected (level 11, -3/85 HPs)
             Began as a Gnoll Wanderer on Feb 4, 2020.
             Was a Priest of Cheibriados.
             Slain by Psyche
             ... wielding a +0 dagger of distortion
              (20 damage)
             ... on level 9 of the Dungeon.
             The game lasted 00:16:26 (10774 turns).

ReteAZ the Protected (Gnoll Wanderer)              Turns: 10774, Time: 00:16:27

Health: -3/85      AC: 19    Str: 23 (26) XL:     11   Next: 30%
Magic:  30/30      EV: 12    Int: 27 (29) God:    Cheibriados [***...]
Gold:   265        SH:  0    Dex: 18 (21) Spells: 22/22 levels left

rFire    . . .     SeeInvis .   b - +2 whip (venom)
rCold    . . .     Gourm    .   (no shield)
rNeg     . . .     Faith    .   M - +0 chain mail
rPois    .         Spirit   .   Q - +3 hat of Pondering {ponderous, MR+ MP+10 Int+5}
rElec    .         Reflect  .   G - +0 cloak
rCorr    .         Harm     .   q - +2 pair of gloves
MR       ++...                  (no boots)
Stlth    +.........             (no amulet)
HPRegen  0.24/turn              n - ring of protection from magic
MPRegen  0.22/turn              (no ring)

@: very slow
A: distributed training, fangs 1, strong nose
a: Bend Time, Temporal Distortion, Renounce Religion


You were on level 9 of the Dungeon.
You worshipped Cheibriados.
Cheibriados was most pleased with you.
You were not hungry.

You visited 2 branches of the dungeon, and saw 10 of its levels.
You also visited: Sewer.

You collected 397 gold pieces.
You spent 132 gold pieces at shops.

Inventory:

Hand Weapons
 a - a +1 vorpal shortbow
 b - a +2 whip of venom (weapon)
 J - a +2 shortbow
 K - a +0 flail of holy wrath
 O - a +2 trident of venom
Missiles
 o - 182 arrows
 t - 6 javelins (quivered)
 C - 39 poisoned darts
Armour
 e - a +0 robe
 q - a +2 pair of gloves (worn)
 s - a +0 ring mail
 G - a +0 cloak (worn)
 L - a +0 helmet
 M - a +0 chain mail (worn)
 Q - the +3 hat of Pondering (worn) {ponderous, MR+ MP+10 Int+5}
   (You took it off Gastronok on level 8 of the Dungeon)

   It affects your intelligence (+5).
   It affects your resistance to hostile enchantments.
   It affects your magic capacity (+10).
   If you remove this armour, your AC will fall 3 points (19 -> 16)
Jewellery
 n - a ring of protection from magic (left hand)
Wands
 w - a wand of disintegration (7)
 H - a wand of random effects (7)
 P - a wand of clouds (4)
 R - a wand of flame (14)
Scrolls
 d - 9 scrolls of teleportation
 g - 3 scrolls of fear {unknown}
 h - 2 scrolls of magic mapping {unknown}
 j - 3 scrolls of enchant armour {unknown}
 k - 3 scrolls of immolation {unknown}
 p - 10 scrolls of remove curse {unknown}
 u - 2 scrolls of fog {unknown}
 v - 2 scrolls of amnesia {unknown}
 y - 3 scrolls of blinking {unknown}
 z - 8 scrolls of identify {unknown}
 D - a scroll of enchant weapon {unknown}
 E - a scroll of noise {unknown}
 N - 2 scrolls of random uselessness {unknown}
Potions
 c - a potion of lignification
 i - 2 potions of might {unknown}
 l - 3 potions of curing
 m - 5 potions of degeneration
 r - 3 potions of mutation {unknown}
 x - 2 potions of flight {unknown}
 A - 2 potions of heal wounds
 B - 2 potions of agility {unknown}
 F - a potion of haste {unknown}
 I - a potion of cancellation {unknown}
 S - 2 potions of berserk rage {unknown}
Comestibles
 f - 19 rations
 T - 2 chunks of flesh


   Skills:
 + Level 7.7 Fighting
 + Level 6.0 Short Blades
 + Level 6.0 Long Blades
 + Level 6.6 Axes
 + Level 6.0 Maces & Flails
 + Level 6.0 Polearms
 + Level 6.0 Staves
 + Level 6.0 Slings
 + Level 7.7 Bows
 + Level 6.0 Crossbows
 + Level 6.0 Throwing
 + Level 9.0 Armour
 + Level 6.0 Dodging
 + Level 6.5 Stealth
 + Level 6.0 Shields
 + Level 6.0 Unarmed Combat
 + Level 6.0 Spellcasting
 + Level 5.0 Conjurations
 + Level 5.0 Hexes
 + Level 5.0 Charms
 + Level 5.0 Summonings
 + Level 5.0 Necromancy
 + Level 5.0 Translocations
 + Level 5.0 Transmutations
 + Level 5.0 Fire Magic
 + Level 5.0 Ice Magic
 + Level 5.0 Air Magic
 + Level 5.0 Earth Magic
 + Level 5.0 Poison Magic
 + Level 6.6 Invocations
 + Level 6.6 Evocations


You had 22 spell levels left.
You didn't know any spells.
Your spell library contained the following spells:

 Spells                   Type           Power        Failure   Level  Hunger
 Foxfire                  Conj/Fire      ####         4%          1    None
 Freeze                   Ice            ####         4%          1    None
 Infusion                 Chrm           ####         4%          1    None
 Shroud of Golubria       Chrm/Tloc      #####.       8%          2    None
 Song of Slaying          Chrm           #####...     8%          2    None
 Conjure Flame            Conj/Fire      #####...     14%         3    None
 Inner Flame              Hex/Fire       #####...     14%         3    None
 Ozocubu's Armour         Chrm/Ice       #####...     14%         3    None
 Spectral Weapon          Hex/Chrm       #####...     14%         3    None
 Hailstorm                Conj/Ice       #####...     43%         4    ###....
 Sticky Flame             Conj/Fire      #####...     43%         4    ###....
 Summon Ice Beast         Ice/Summ       #####...     43%         4    ###....
 Fireball                 Conj/Fire      #####.....   80%         5    #####..


Dungeon Overview and Level Annotations

Branches:
Dungeon (9/15)             Temple (1/1) D:7           Sewer (visited)
   Lair: D:8-11         Orc: D:9-12

Altars:
Ashenzari
Cheibriados
Dithmenos
Elyvilon
Fedhas
Gozag
Hepliaklqana
Kikubaaqudgha
Makhleb
Nemelex Xobeh
Okawaru
Qazlal
Ru
Sif Muna
Trog
Uskayaw
Vehumet
Wu Jian
Xom
Yredelemnul
Zin
The Shining One

Shops:
D:4 !

Annotations:
D:9 Psyche


Innate Abilities, Weirdness & Mutations

Your experience applies equally to all skills.
You have very sharp teeth.
Your uncanny sense of smell can sniff out nearby items.


Message History

You hit something but do no damage. Something hits you but does no damage.
Space bends around you. Something hits you but does no damage.
Space bends around you.
You hit something. Something hits you but does no damage.
Space warps horribly around you!
You miss something. Something hits you but does no damage.
Space bends around you. Something hits you but does no damage.
You blink.
It was a potion of degeneration.
There was something very wrong with that liquid.
You feel weakened.
You feel dopey.
You feel clumsy.
Okay, then.
Okay, then.
You hear some strange, mumbled words.
A puff of frost appears from out of thin air!
The puff of frost hits you!
* * * LOW HITPOINT WARNING * * *
Something hits you but does no damage. Something hits you.
* * * LOW HITPOINT WARNING * * *
Space warps horribly around you!!
You die...

#......#....# #.. #......#....#
#.. #########'##....####### #.#
....#..##..#####......# ###
....#..'.....#...#....# #
....'..#.....'...#....# #
....#'#####..##..#....# #
..........#..##..+....# #
####......#..##.@#....###########
#......#..###{##+##.......#..#
#...)..#...#..# #.......#..#
#......#...#..# #.......+..'
#......#####.## ##.......####
#####.....##.###.#.....#######
#.....#.(..(.#.....#......
#.....#.(....#.....#......
#.....#......#.....#......


There were no monsters in sight!

Vanquished Creatures
  Gastronok (D:8)
  2 two-headed ogres
  2 hippogriffs
  A wyvern (D:9)
  9 yaks
  A water moccasin (D:8)
  Purgy (Sewer)
  An orc warrior (D:8)
  5 centaurs
  2 sky beasts
  A phantom (D:9)
  6 ogres
  A crocodile (D:7)
  4 big kobolds
  5 bullfrogs
  A wyvern skeleton (D:6)
  3 jellies (D:9)
  3 scorpions
  2 howler monkeys
  2 bullfrog zombies
  2 crimson imps
  3 hounds
  6 orc priests
  2 bullfrog skeletons
  An iguana (D:3)
  7 worker ants
  9 orc wizards
  A hound zombie (D:9)
  A hound skeleton (D:5)
  6 gnolls (D:2)
  7 adders
  4 shadow imps
  3 adder skeletons
  4 worms (D:3)
  4 dart slugs
  8 leopard geckos
  41 orcs
  10 bats
  9 giant cockroaches
  7 goblins
  5 hobgoblins
  9 jackals
  5 quokkas
  A ball python (D:5)
  9 frilled lizards
  A jackal zombie (D:8)
  26 kobolds
  7 rats
  A bush (D:7)
252 creatures vanquished.

Vanquished Creatures (others)
  A worker ant (D:4)
  A dart slug (D:4)
  A jackal (D:4)
  4 toadstools (D:1)
7 creatures vanquished.

Grand Total: 259 creatures vanquished

Notes
Turn   | Place    | Note
-------+----------+-------------------------------------------
     0 | D:1      | ReteAZ the Gnoll Wanderer began the quest for the Orb.
     0 | D:1      | ReteAZ set off with the following items: a +2 shortbow, 27
                  | arrows, a potion of lignification, a scroll of
                  | teleportation, a +0 robe, a ration
     0 | D:1      | Reached XP level 1. HP: 20/20 MP: 2/2
   106 | D:1      | Reached XP level 2. HP: 26/26 MP: 3/3
   261 | D:1      | Reached XP level 3. HP: 31/31 MP: 4/4
   770 | D:2      | Reached skill level 1 in Invocations
   792 | D:2      | Reached skill level 1 in Short Blades
   792 | D:2      | Reached skill level 1 in Long Blades
   792 | D:2      | Reached skill level 1 in Maces & Flails
   792 | D:2      | Reached skill level 1 in Polearms
   792 | D:2      | Reached skill level 1 in Staves
   792 | D:2      | Reached skill level 1 in Slings
   792 | D:2      | Reached skill level 1 in Crossbows
   792 | D:2      | Reached skill level 1 in Throwing
   792 | D:2      | Reached skill level 1 in Dodging
   792 | D:2      | Reached skill level 1 in Shields
   792 | D:2      | Reached skill level 1 in Unarmed Combat
   792 | D:2      | Reached skill level 1 in Spellcasting
   797 | D:2      | Reached XP level 4. HP: 38/38 MP: 4/6
   942 | D:2      | Found a faded altar of an unknown god.
  1093 | D:2      | Reached skill level 1 in Conjurations
  1093 | D:2      | Reached skill level 1 in Hexes
  1093 | D:2      | Reached skill level 1 in Charms
  1093 | D:2      | Reached skill level 1 in Summonings
  1093 | D:2      | Reached skill level 1 in Necromancy
  1093 | D:2      | Reached skill level 1 in Translocations
  1093 | D:2      | Reached skill level 1 in Transmutations
  1093 | D:2      | Reached skill level 1 in Fire Magic
  1093 | D:2      | Reached skill level 1 in Ice Magic
  1093 | D:2      | Reached skill level 1 in Air Magic
  1093 | D:2      | Reached skill level 1 in Earth Magic
  1093 | D:2      | Reached skill level 1 in Poison Magic
  1107 | D:2      | Reached XP level 5. HP: 15/43 MP: 7/7
  2384 | D:3      | Found a glowing drain.
  2391 | Sewer    | Entered a sewer
  2427 | Sewer    | Reached XP level 6. HP: 50/50 MP: 8/8
  2446 | Sewer    | Noticed Purgy
  2456 | Sewer    | Killed Purgy
  2456 | Sewer    | Reached skill level 5 in Fighting
  2456 | Sewer    | Reached skill level 5 in Bows
  2945 | D:4      | Reached XP level 7. HP: 11/56 MP: 10/10
  3246 | D:4      | Found a shimmering altar of Xom.
  3265 | D:4      | Reached skill level 7 in Armour
  3447 | D:4      | Found Ulepheij's Distillery.
  3455 | D:4      | Bought a potion of curing for 36 gold pieces
  3455 | D:4      | Bought a potion of heal wounds for 60 gold pieces
  3455 | D:4      | Bought a potion of curing for 36 gold pieces
  3925 | D:5      | Entered Level 5 of the Dungeon
  3998 | D:5      | Found an iron altar of Okawaru.
  4314 | D:5      | Noticed a two-headed ogre
  4574 | D:6      | Reached XP level 8. HP: 56/63 MP: 12/12
  5425 | D:5      | Found an iron altar of Okawaru.
  5641 | D:5      | Killed a two-headed ogre
  5641 | D:5      | Reached XP level 9. HP: 42/69 MP: 12/14
  6270 | D:7      | Found a staircase to the Ecumenical Temple.
  6293 | Temple   | Entered the Ecumenical Temple
  6587 | Temple   | Became a worshipper of Cheibriados the Contemplative
  6837 | D:7      | Reached skill level 5 in Axes
  6837 | D:7      | Reached skill level 5 in Evocations
  6838 | D:7      | Reached * piety under Cheibriados
  7290 | D:8      | Found a hide-covered altar of Uskayaw.
  7314 | D:8      | Reached skill level 5 in Stealth
  7324 | D:7      | Reached skill level 8 in Armour
  7661 | D:8      | Reached skill level 5 in Invocations
  7824 | D:8      | Found a hazy altar of Hepliaklqana.
  8007 | D:8      | Reached XP level 10. HP: 77/77 MP: 17/17
  8041 | D:8      | Reached ** piety under Cheibriados
  8667 | D:8      | Reached skill level 5 in Short Blades
  8667 | D:8      | Reached skill level 5 in Long Blades
  8667 | D:8      | Reached skill level 5 in Maces & Flails
  8667 | D:8      | Reached skill level 5 in Polearms
  8667 | D:8      | Reached skill level 5 in Staves
  8667 | D:8      | Reached skill level 5 in Slings
  8667 | D:8      | Reached skill level 5 in Crossbows
  8667 | D:8      | Reached skill level 5 in Throwing
  8667 | D:8      | Reached skill level 5 in Dodging
  8667 | D:8      | Reached skill level 5 in Shields
  8667 | D:8      | Reached skill level 5 in Unarmed Combat
  8667 | D:8      | Reached skill level 5 in Spellcasting
  8687 | D:8      | Found a glowing golden altar of the Shining One.
  8696 | D:8      | Found a basalt altar of Yredelemnul.
  8764 | D:8      | Noticed Gastronok
  8781 | D:8      | Killed Gastronok
  9184 | D:8      | Noticed an angel
  9238 | D:9      | Noticed a two-headed ogre
  9247 | D:9      | Killed a two-headed ogre
  9264 | D:9      | Reached XP level 11. HP: 27/84 MP: 19/19
  9615 | D:9      | Reached *** piety under Cheibriados
 10204 | D:9      | Reached skill level 9 in Armour
 10218 | D:9      | Reached skill level 5 in Conjurations
 10218 | D:9      | Reached skill level 5 in Hexes
 10218 | D:9      | Reached skill level 5 in Charms
 10218 | D:9      | Reached skill level 5 in Summonings
 10218 | D:9      | Reached skill level 5 in Necromancy
 10218 | D:9      | Reached skill level 5 in Translocations
 10218 | D:9      | Reached skill level 5 in Transmutations
 10218 | D:9      | Reached skill level 5 in Fire Magic
 10218 | D:9      | Reached skill level 5 in Ice Magic
 10218 | D:9      | Reached skill level 5 in Air Magic
 10218 | D:9      | Reached skill level 5 in Earth Magic
 10218 | D:9      | Reached skill level 5 in Poison Magic
 10226 | D:9      | Reached **** piety under Cheibriados
 10759 | D:9      | Noticed Psyche
 10774 | D:9      | Slain by Psyche

Levels and vault maps discovered:
D:1:      ldierk_water_garden, layout_basic
D:2:      layout_loops_ring, chequers_ecumenical_altar_simple
D:3:      layout_basic, gup_sewer_entry_bubbles
D:4:      layout_loops_ring, serial_shops, nicolae_shop_crystal, serial_glass,
          glass_columns_a, glass_columns_c, xom_confusion_cloud
D:5:      layout_basic, okawaru_metal_pillars_1_2, first_ration
D:6:      layout_loops_corners
D:7:      layout_loops_cross, minmay_temple_entry_trees
D:8:      layout_cave_pools, lemuel_crystal_altar,
          grunt_temple_overflow_holy_war, basic_altar, blue_anna_alchemist
          [blue_anna_fruit_fields, blue_anna_fruit_fields], uniq_gastronok
D:9:      layout_gridville, uniq_psyche
Temple:   hc_temple_tempest_star

Skill      XL: |  1  2  3  4  5  6  7  8  9 10 11 |
---------------+----------------------------------+-----
Invocations    | 1 2 3 4 5 6 |  6.6
Short Blades   | 1 2 3 4 5 6 |  6.0
Long Blades    | 1 2 3 4 5 6 |  6.0
Maces & Flails | 1 2 3 4 5 6 |  6.0
Polearms       | 1 2 3 4 5 6 |  6.0
Staves         | 1 2 3 4 5 6 |  6.0
Slings         | 1 2 3 4 5 6 |  6.0
Crossbows      | 1 2 3 4 5 6 |  6.0
Throwing       | 1 2 3 4 5 6 |  6.0
Dodging        | 1 2 3 4 5 6 |  6.0
Shields        | 1 2 3 4 5 6 |  6.0
Unarmed Combat | 1 2 3 4 5 6 |  6.0
Spellcasting   | 1 2 3 4 5 6 |  6.0
Conjurations   | 1 2 3 4 5 |  5.0
Hexes          | 1 2 3 4 5 |  5.0
Charms         | 1 2 3 4 5 |  5.0
Summonings     | 1 2 3 4 5 |  5.0
Necromancy     | 1 2 3 4 5 |  5.0
Translocations | 1 2 3 4 5 |  5.0
Transmutations | 1 2 3 4 5 |  5.0
Fire Magic     | 1 2 3 4 5 |  5.0
Ice Magic      | 1 2 3 4 5 |  5.0
Air Magic      | 1 2 3 4 5 |  5.0
Earth Magic    | 1 2 3 4 5 |  5.0
Poison Magic   | 1 2 3 4 5 |  5.0
Axes           | 3 4 5 6 |  6.6
Evocations     | 3 4 5 6 |  6.6
Fighting       | 5 6 7 |  7.7
Bows           | 5 6 7 |  7.7
Stealth        | 3 4 5 6 |  6.5
Armour         | 7 8 9 |  9.0

Action                   |  1- 3 |  4- 6 |  7- 9 | 10-12 || total
-------------------------+-------+-------+-------+-------++-------
Melee: Whip              |       |   158 |   243 |   141 ||   542
       Unarmed           |       |     5 |       |       ||     5
       Bite              |       |    13 |    34 |    32 ||    79
       Punch             |       |     1 |     4 |     7 ||    12
       Flail             |       |       |     2 |       ||     2
       Trident           |       |       |       |    38 ||    38
 Fire: Shortbow          |    78 |    24 |   170 |   141 ||   413
Throw: Javelin           |       |    13 |       |     4 ||    17
Evoke: Wand              |       |       |       |     1 ||     1
  Use: Potion            |       |       |       |     4 ||     4
 Stab: Sleeping          |       |     3 |     1 |       ||     4
  Eat: Chunk             |       |     6 |    11 |     4 ||    21
       Ration            |       |       |     1 |       ||     1
Armor: Robe              |     6 |    12 |       |       ||    18
       Ring mail         |       |    49 |    94 |       ||   143
       Chain mail        |       |       |    23 |   133 ||   156
Dodge: Dodged            |    13 |   123 |   183 |   159 ||   478

Table legend:
 A = Non-vault XP
 B = Vault XP
 C = Vault XP percentage of total XP
 D = Non-vault monster count
 E = Vault monster count
 F = Vault count percentage of total count
                 A         B        C        D         E       F
            +---------+---------+-------+---------+---------+-------
      Total |    9425 |    2580 |  21.5 |     231 |      20 |   8.0
            +---------+---------+-------+---------+---------+-------
        D:1 |      53 |       0 |   0.0 |      28 |       0 |   0.0
        D:2 |     141 |       0 |   0.0 |      24 |       0 |   0.0
        D:3 |     130 |      36 |  21.7 |      24 |       7 |  22.6
        D:4 |     298 |      62 |  17.2 |       9 |       5 |  35.7
        D:5 |    1207 |       0 |   0.0 |      21 |       0 |   0.0
        D:6 |     634 |       0 |   0.0 |      11 |       0 |   0.0
        D:7 |     905 |       0 |   0.0 |      28 |       0 |   0.0
        D:8 |    2090 |    2326 |  52.7 |      30 |       2 |   6.2
        D:9 |    3966 |       0 |   0.0 |      55 |       0 |   0.0
     Temple |       1 |       0 |   0.0 |       1 |       0 |   0.0
      Sewer |       0 |     156 | 100.0 |       0 |       6 | 100.0
            +---------+---------+-------+---------+---------+-------
